cohdb
Replays
Latest Replays
All Replays
Popular Replays
Top Player Replays
Match Explorer
How It Works
Community
CoH3 Stats
Reddit
Sign in to upload your games and track your stats! →
Sign in with Steam
Match 44791835
Unlisted
Match 44791835
Overview
Messages
Build Orders
End
Pioneer Squad
Construct Infanterie Kompanie
Selects Breakthrough Battlegroup
Selects Assault Grenadiers
MG 42 Machine Gun Team
Grenadier Squad
GrW 34 Mortar Team
Grenadier Squad
Infanterie Officer Quarters
Construct Panzergrenadier Kompanie
Gatom
Homam
CHILL-OUT
DrinkIIScotch
Graouw
Drink||Karmeliet
0
0
Comments
sign in to comment!
No comments posted yet!